 Dungeon Crawl Stone Soup version 0.32-a0-702-gc29ba85809 (webtiles) character file.

Game seed: 12356534728351855554

399722 GordonOverkill the Slayer (level 22, -2/238 (242) HPs)
             Began as a Demonspawn Delver on Mar 14, 2024.
             Was a High Priest of Makhleb.
             Slain by a black draconian knight
             ... wielding a +0 bardiche of flaming
              (3 damage)
             ... on level 2 of the Depths.
             The game lasted 02:19:43 (64799 turns).

GordonOverkill the Slayer (Demonspawn Delver)      Turns: 64799, Time: 02:19:43

HP:   -2/238 (242)  AC: 25    Str: 30    XL:     22   Next: 25%
MP:   36/36         EV: 14    Int: 16    God:    Makhleb [*****.]
Gold: 1239          SH: 18    Dex: 12    Spells: 21/21 levels left

rFire   + . .        a - +8 broad axe (freeze)
rCold   + . .        o - +0 tower shield
rNeg    + . .        g - +4 plate armour of the Tundras {rElec rF+ Dex-2}
rPois   .            b - +2 helmet of Objectivity {Regen+ Int+2}
rElec   +            j - +1 cloak "Guisem" {rC+ Str+3 Int+3}
rCorr   +            (gloves unavailable)
SInv    .            S - +1 pair of boots
Will    ++...        t - amulet "Orrollan" {Faith rElec rCorr Str+3} Stlth
                     Q - ring of Ruyr {rN+ Slay+2}
HPRegen 1.39/turn    P - ring of willpower
MPRegen 0.25/turn

%: faith
@: flayed, studying Dodging, lightly drained
A: repulsion field 2, demonic guardian 3, icemail 2, robust 2, condensation
shield, demonic touch 3
}: 2/15 runes: serpentine, barnacled
a: Renounce Religion, Minor Destruction, Lesser Servant of Makhleb, Major
Destruction, Greater Servant of Makhleb


You were on level 2 of the Depths.
You worshipped Makhleb.
Makhleb was extremely pleased with you.
You visited 8 branches of the dungeon, and saw 39 of its levels.
You also visited: Ossuary and Ice Cave.

You collected 4961 gold pieces.
You spent 3722 gold pieces at shops.

Inventory:

Hand Weapons
 a - a +8 broad axe of freezing (weapon)
 U - a +4 broad axe of freezing
Missiles
 h - 5 throwing nets
 A - 15 poisoned darts (quivered)
Armour
 b - the +2 helmet of Objectivity (worn) {Regen+ Int+2}
   (You found it on level 3 of the Elven Halls)

   Int+2:     It affects your intelligence (+2).
   Regen+:    It increases your rate of health regeneration.
 g - the +4 plate armour of the Tundras (worn) {rElec rF+ Dex-2}
   (You bought it in a shop on level 2 of the Orcish Mines)

   Dex-2:     It affects your dexterity (-2).
   rF+:       It protects you from fire.
   rElec:     It insulates you from electricity.
 j - the +1 cloak "Guisem" (worn) {rC+ Str+3 Int+3}
   (You acquired it on level 14 of the Dungeon)

   Str+3:     It affects your strength (+3).
   Int+3:     It affects your intelligence (+3).
   rC+:       It protects you from cold.
 o - a +0 tower shield (worn)
 K - the +15 Maxwell's patent armour {-Cast -Tele rElec Will+ rCorr}
   (You acquired it on level 3 of the Shoals)

   rElec:     It insulates you from electricity.
   Will+:     It increases your willpower.
   -Cast:     It prevents spellcasting.
   -Tele:     It prevents most forms of teleportation.
   rCorr:     It protects you from acid and corrosion.
 S - a +1 pair of boots (worn)
Jewellery
 e - the ring "Yclyajob" {rElec rF+ rN+ Int+3}
   (You found it on level 1 of the Depths)

   [ring of positive energy]

   Int+3:     It affects your intelligence (+3).
   rF+:       It protects you from fire.
   rElec:     It insulates you from electricity.
   rN+:       It protects you from negative energy.
 f - the ring "Huugryos" {*Slow rPois rF+ rN+}
   (You bought it in a shop on level 2 of the Orcish Mines)

   [ring of positive energy]

   rF+:       It protects you from fire.
   rPois:     It protects you from poison.
   rN+:       It protects you from negative energy.
   *Slow:     It may slow you when you take damage.
 s - an amulet of guardian spirit
 t - the amulet "Orrollan" (around neck) {Faith rElec rCorr Str+3}
   (You took it off a deep elf demonologist on level 3 of the Elven Halls)

   [amulet of faith]

   Faith:     It allows you to gain divine favour quickly.
   Str+3:     It affects your strength (+3).
   rElec:     It insulates you from electricity.
   rCorr:     It protects you from acid and corrosion.
 G - a ring of see invisible
 P - a ring of willpower (right hand)
 Q - the ring of Ruyr (left hand) {rN+ Slay+2}
   (You found it on level 1 of the Snake Pit)

   [ring of positive energy]

   Slay+2:    It affects your accuracy & damage with ranged weapons and melee
   (+2).
   rN+:       It protects you from negative energy.
Wands
 l - a wand of paralysis (4)
 q - a wand of polymorph (40)
 w - a wand of digging (7)
 x - a wand of mindburst (10)
 C - a wand of iceblast (25)
 H - a wand of flame (24)
Scrolls
 d - 7 scrolls of revelation
 k - 18 scrolls of identify
 m - 7 scrolls of vulnerability
 n - 19 scrolls of teleportation
 B - 2 scrolls of torment
 D - 3 scrolls of fog
 L - 6 scrolls of immolation
 T - a scroll of amnesia
 W - 9 scrolls of fear
Potions
 i - 2 potions of ambrosia
 p - 3 potions of brilliance
 r - 5 potions of enlightenment
 v - 4 potions of cancellation
 z - 4 potions of haste
 E - 3 potions of attraction
 F - 4 potions of magic
 J - 2 potions of might
 M - 3 potions of mutation
 O - 7 potions of lignification
 R - 7 potions of curing
 V - a potion of invisibility
Miscellaneous
 c - a lightning rod (4/4)
 X - a box of beasts


   Skills:
 + Level 23.8 Fighting
 - Level 20.0 Axes
 - Level 1.0 Throwing
 - Level 8.0 Armour
 - Level 15.0 Dodging
 - Level 4.5 Stealth
 - Level 15.0 Shields
 - Level 20.0 Invocations
 - Level 8.0 Evocations


You had 21 spell levels left.
You didn't know any spells.
Your spell library contained the following spells:

 Spells                   Type           Power      Damage    Failure   Level
 Foxfire                  Conj/Fire      0%         2x1d4     99%         1
 Magic Dart               Conj           0%         1d3       99%         1
 Sandblast                Erth           0%         2d4       99%         1
 Sting                    Conj/Alch      0%         1d3       99%         1
 Cigotuvi's Dreadful Rot  Necr/Alch/Air  0%         N/A       99%         2
 Ensorcelled Hibernation  Hex/Ice        0%         N/A       99%         2
 Lesser Beckoning         Tloc           0%         N/A       99%         2
 Mercury Vapours          Alch/Air       0%         N/A       99%         2
 Searing Ray              Conj           0%         2d4       99%         2
 Static Discharge         Conj/Air       0%         3-3/arc   99%         2
 Gell's Gravitas          Tloc           0%         N/A       100%        3
 Inner Flame              Hex/Fire       0%         N/A       100%        3
 Mephitic Cloud           Conj/Alch/Air  0%         N/A       100%        3
 Passwall                 Erth           0%         N/A       100%        3
 Sigil of Binding         Hex            0%         N/A       100%        3
 Stone Arrow              Conj/Erth      0%         3d7       100%        3
 Swiftness                Air            0%         N/A       100%        3
 Teleport Other           Tloc           0%         N/A       100%        3
 Tukima's Dance           Hex            0%         N/A       100%        3
 Airstrike                Air            0%         2d(0-16)  100%        4
 Animate Armour           Summ/Erth      0%         N/A       100%        4
 Animate Dead             Necr           0%         N/A       100%        4
 Brom's Barrelling Bould  Conj/Erth      0%         2d3       100%        4
 Dimensional Bullseye     Hex/Tloc       0%         N/A       100%        4
 Flame Wave               Conj/Fire      0%         2d4       100%        4
 Fulminant Prism          Conj/Alch      0%         3d5       100%        4
 Ignite Poison            Fire/Alch      0%         N/A       100%        4
 Iskenderun's Mystic Bla  Conj/Tloc      0%         2d3       100%        4
 Passage of Golubria      Tloc           0%         N/A       100%        4
 Sticky Flame             Fire/Alch      0%         2d4       100%        4
 Summon Blazeheart Golem  Fire/Summ      0%         N/A       100%        4
 Summon Lightning Spire   Summ/Air       0%         N/A       100%        4
 Borgnjor's Vile Clutch   Necr/Erth      0%         N/A       100%        5
 Freezing Cloud           Conj/Ice/Air   0%         6-21      100%        5
 Irradiate                Conj/Alch      0%         3d11      100%        5
 Iskenderun's Battlesphe  Conj           0%         2d6       100%        5
 Lee's Rapid Deconstruct  Erth           0%         3d4*      100%        5
 Metabolic Englaciation   Hex/Ice        0%         N/A       100%        5
 Silence                  Hex/Air        0%         N/A       100%        5
 Summon Forest            Summ/Tloc      0%         N/A       100%        5
 Summon Mana Viper        Hex/Summ       0%         N/A       100%        5
 Bombard                  Conj/Erth      0%         9d1       100%        6
 Conjure Ball Lightning   Conj/Air       0%         3x3d6     100%        6
 Death Channel            Necr           0%         N/A       100%        6
 Plasma Beam              Fire/Air       0%         2x1d10    100%        6
 Sculpt Simulacrum        Ice/Alch       0%         N/A       100%        6
 Starburst                Conj/Fire      0%         6d3       100%        6
 Summon Cactus Giant      Summ           0%         N/A       100%        6
 Orb of Destruction       Conj           0%         9d5       100%        7
 Spellforged Servitor     Conj/Summ      0%         N/A       100%        7
 Ignition                 Fire           0%         3d3       100%        8
 Lehudib's Crystal Spear  Conj/Erth      0%         10d2      100%        8
 Polar Vortex             Ice            0%         N/A       100%        9


Dungeon Overview and Level Annotations

Branches:
Dungeon (15/15)            Temple (0/1) D:6            Lair (5/5) D:9
 Shoals (4/4) Lair:2        Snake (4/4) Lair:3        Slime (0/5) Lair:5
    Orc (2/2) D:10            Elf (3/3) Orc:2        Vaults (4/5) D:13
  Crypt (0/3) Vaults:3     Depths (2/4) D:15        Ossuary (visited)
  IceCv (visited)

Altars:
Ashenzari
Fedhas
Gozag
Hepliaklqana
Kikubaaqudgha
Makhleb
Qazlal
Sif Muna
Trog
Uskayaw
Vehumet
Wu Jian
Xom
Beogh
Jiyva

Shops:
D:4 *   D:6 !   D:15 (   Orc:2 ((*=(   Elf:3 *::[   Snake:1 *   Snake:2 :==
Vaults:2 :   Vaults:3 :   Vaults:4 *?

Portals:
Hell: Depths:1 Depths:2
Abyss: Depths:2
Pandemonium: Depths:2

Annotations:
Snake:1 3 transporters


Innate Abilities, Weirdness & Mutations

You are surrounded by a moderate repulsion field. (EV +3)
A powerful demonic guardian rushes to your aid.
A meltable icy envelope protects you from harm. (AC +0)
You are very robust. (+20% HP)
A meltable shield of frost defends you. (SH +0)
Your touch may irresistibly damage your foes and sap their willpower.


Message History

The flayed ghost hits you but does no damage.
You hear a horrible gurgling sound!
You hear a shout! x2
You hear a horrible gurgling sound!
You hear a shout!
Unknown command.
Okay, then.
You hear some strange, mumbled words.
A shard of ice appears from out of thin air!
The shard of ice hits you!! You partially resist.
* * * LOW HITPOINT WARNING * * *
Your blizzard demon barely misses the flayed ghost.
Your blizzard demon hits the flayed ghost.
The flayed ghost closely misses your blizzard demon.
Something hits you!
* * * LOW HITPOINT WARNING * * *
Something burns you.
* * * LOW HITPOINT WARNING * * *
Okay, then.
Your blizzard demon gestures at the flayed ghost.
The bolt of lightning hits the flayed ghost!!
The bolt of lightning hits something.
A bolt of lightning appears from out of thin air!
The bolt of lightning hits your balrug!!
The bolt of lightning hits you! You resist.
* * * LOW HITPOINT WARNING * * *
The flayed ghost hits your blizzard demon!!
Your blizzard demon dies!
Your blizzard demon disappears in a puff of smoke!
You hear a grinding noise.
Your balrug barely misses something.
Something hits your balrug!!
Your balrug dies!
Your balrug disappears in a puff of smoke!
The flayed ghost cries, "Suffer as I suffered!"
Terrible wounds open up all over your body!
* * * LOW HITPOINT WARNING * * *
You hear a grinding noise.
Something hits you!
* * * LOW HITPOINT WARNING * * *
Something burns you.
You die...

....... T#.###.#...#.)....
...#..T e2.##..#...#......
.....TC#§Q$#)..#..#.......
.....#.$#######.##........
......eW...#...#..........
...........#...#.#.....##.
........#..#..#......### #
#.#......#.###.......# #
#....).@###........#
#........#......####
##.............##
###############


You could see a deep elf sorcerer (fast) and a deep troll.

Vanquished Creatures
  A juggernaut (Depths:1)
  Sojobo (Vaults:2)
  The ghost of howech the Severer, a veteran MiGl of the Shining One (Vaults:2)
  A caustic shrike (Depths:1)
  Nikola (Shoals:1)
  A tentacled monstrosity (Depths:2)
  Jorgrun (Snake:2)
  A walking earthen tome (Depths:1)
  Mlioglotl (Snake:2)
  A lich (Depths:2)
  2 deep elf master archers (Elf:3)
  4 deep elf blademasters
  4 sphinxes
  The ghost of Paylapli the Earth Mage, an adept GrEE of Vehumet (Snake:3)
  Kirke (D:15)
  2 tengu reavers (Vaults:2)
  2 nagarajas
  Donald (Shoals:1)
  Agnes (Snake:2)
  Louise (D:15)
  11 deep elf sorcerers
  3 frost giants
  A juggernaut zombie (Depths:1)
  3 deep elf elementalists (Elf:3)
  11 vault wardens
  A balrug (Depths:1)
  A reaper (IceCv)
  5 ironbound thunderhulks
  2 vampire knights (Depths:2)
  4 stone giants
  4 formless jellyfish
  5 very ugly things
  2 deep elf demonologists (Elf:3)
  11 ironbound preservers
  3 spark wasps
  4 dire elephants
  4 deep elf death magi
  10 deep elf annihilators
  A war gargoyle (Vaults:4)
  Azrael (D:15)
  An eidolon (Vaults:3)
  4 ettins
  7 merfolk javelineers
  2 crystal guardians
  4 merfolk impalers
  3 fire dragons
  5 deep elf high priests (Elf:3)
  5 yaktaur captains
  7 great orbs of eyes
  3 salamander tyrants
  An entropy weaver (Vaults:1)
  2 ice dragons (Depths:2)
  A hydra (Lair:2)
  16 vault guards
  3 peacekeepers
  7 anacondas
  8 two-headed ogres
  12 ironbound frosthearts
  4 ogre magi
  A spriggan skeleton (Depths:1)
  A merfolk avatar (Shoals:1)
  2 rakshasas (Depths:1)
  2 merfolk aquamancers (Shoals:4)
  An alligator snapping turtle (Shoals:2)
  32 dancing weapons
  24 centaur warriors
  2 spriggan air magi (Depths:1)
  4 deep troll shamans (Depths:1)
  A satyr (Shoals:3)
  3 tengu warriors
  4 boulder beetles
  3 orc high priests (Orc:2)
  6 death yaks (Lair:4)
  A deep troll earth mage (Depths:2)
  A sphinx skeleton (Depths:1)
  2 hell hogs (Depths:1)
  A spriggan berserker (Depths:1)
  A vampire mage (Vaults:3)
  A holy swine (Shoals:4)
  16 naga warriors
  12 naga sharpshooters
  4 soul eaters (Depths:1)
  3 occultists
  3 shock serpents
  2 hell knights (Depths:1)
  7 deep elf knights
  3 sun demons (Depths:1)
  7 skysharks
  An iron troll (Depths:1)
  7 sea snakes
  4 cherubim (Shoals:4)
  A salamander mystic (Snake:3)
  4 skeletal warriors
  An obsidian statue (Vaults:4)
  6 mana vipers
  36 deep trolls
  7 naga ritualists
  7 deep elf archers
  4 arcanists
  4 glowing orange brains
  13 ironbound convokers
  5 orc knights
  4 necromancers
  6 lindwurms
  18 deep elf zephyrmancers
  A phantasmal warrior (Vaults:3)
  9 harpies
  16 deep elf pyromancers
  33 ugly things
  4 thermic dynamos (Elf:3)
  12 fauns
  3 orc sorcerers (Orc:2)
  5 cyclopes
  An oklob plant (Lair:4)
  A wolf spider (Lair:5)
  8 manticores
  A meliai (shapeshifter) (D:14)
  19 elephants
  A frost giant skeleton (Depths:1)
  A kobold blastminer (Orc:2)
  11 salamanders
  A guardian serpent (shapeshifter) (D:15)
  32 black mambas
  16 naga magi
  12 vault sentinels
  2 guardian serpents
  12 merfolk sirens
  A gargoyle (D:12)
  5 water nymphs
  11 cane toads
  Maggie (D:10)
  4 komodo dragons
  2 ice statues (IceCv)
  5 rime drakes
  5 ice devils (IceCv)
  2 efreet
  25 yaktaurs
  6 tengu conjurers
  2 anaconda simulacra (IceCv)
  17 merfolk
  7 trolls
  2 wind drakes (Shoals:1)
  2 hornets (Lair:5)
  6 polar bears
  10 blink frogs
  6 snapping turtles
  A glass eye (Depths:1)
  A dream sheep (Shoals:4)
  A stone giant simulacrum (Depths:1)
  An air elemental (Elf:1)
  A shadow (D:9)
  54 slime creatures
  3 dire elephant simulacra (IceCv)
  A spriggan (shapeshifter) (Elf:1)
  A wraith (D:12)
  A culicivora (shapeshifter) (D:14)
  9 water elementals
  19 wyverns
  4 hogs (D:15)
  7 humans (D:13)
  40 yaks
  2 redbacks (Vaults:1)
  A warg (shapeshifter) (Elf:1)
  3 fire elementals
  A steam dragon (D:9)
  8 vampire mosquitoes
  3 basilisks
  Edmund (D:4)
  2 harpy simulacra (IceCv)
  49 nagas
  An acid dragon (D:9)
  25 water moccasins
  3 hydra simulacra (IceCv)
  2 hell hounds
  7 ice beasts
  4 black bears
  16 orc warriors
  12 ogres
  2 sky beasts
  A tengu (shapeshifter) (D:13)
  5 wolves
  17 centaurs
  An elf zombie (Ossuary)
  A kobold brigand (D:6)
  12 bullfrogs
  A gnoll sergeant (D:8)
  Blork the orc (D:4)
  2 scorpions (Ossuary)
  2 earth elementals (Elf:3)
  4 killer bees (D:9)
  An elephant simulacrum (IceCv)
  5 howler monkeys
  2 electric eels
  A bullfrog zombie (D:4)
  17 jellies
  2 hounds
  2 bombardier beetles
  8 orc priests
  2 iguanas
  Ijyb (D:5)
  16 orc wizards
  6 scorpion zombies
  A spriggan simulacrum (IceCv)
  2 hound zombies (D:4)
  3 mummies (Ossuary)
  10 adders
  4 gnolls (D:8)
  A naga simulacrum (IceCv)
  2 shadow imps (D:6)
  3 white imps
  5 adder skeletons (D:4)
  3 adder zombies
  A ribbon worm (D:2)
  48 orcs
  7 bats
  9 endoplasms
  2 giant cockroaches (D:1)
  9 goblins
  7 hobgoblins
  13 kobolds
  3 quokkas
  3 ball pythons
  5 frilled lizards
  4 gnoll zombies (Ossuary)
  3 jackal zombies (Ossuary)
  3 kobold zombies (Ossuary)
  5 rats
  A spectral weapon (Elf:3)
1362 creatures vanquished.

Vanquished Creatures (collateral kills)
  Mara (Shoals:3)
  2 caustic shrikes (Depths:1)
  The ghost of Sias the Impregnable, an adept TeSh of Wu Jian (Depths:1)
  The ghost of Silenth the Arsonist, an adept DrFE of Vehumet (Vaults:4)
  A walking crystal tome (Depths:1)
  A quicksilver dragon (Vaults:4)
  A walking divine tome (Depths:1)
  A deep elf sorcerer (Elf:3)
  A draconian knight (Depths:2)
  3 vault wardens
  2 ironbound preservers (Vaults:4)
  An angel (Shoals:4)
  2 stone giants (Vaults:4)
  An ironbound thunderhulk (Vaults:4)
  A deep elf death mage (Elf:3)
  2 war gargoyles (Vaults:4)
  2 deep elf demonologists (Elf:3)
  A deep elf annihilator (Elf:3)
  5 merfolk impalers (Shoals:4)
  2 merfolk javelineers (Shoals:4)
  2 yaktaur captains
  A great orb of eyes (Vaults:4)
  2 deep elf high priests (Elf:3)
  3 hydras
  A vault guard (Vaults:3)
  A centaur warrior (D:14)
  An alligator snapping turtle (Shoals:4)
  A boulder beetle (Lair:1)
  2 anacondas (Snake:1)
  A merfolk aquamancer (Shoals:4)
  A death knight (D:14)
  A two-headed ogre (D:9)
  A tengu warrior (D:15)
  3 death yaks (Lair:4)
  3 naga warriors
  A naga sharpshooter (Snake:1)
  A soul eater (Depths:1)
  A skeletal warrior (D:14)
  4 deep elf knights (Elf:2)
  3 sea snakes
  2 deep trolls (Vaults:4)
  A naga ritualist (Snake:2)
  2 ironbound convokers
  A harpy (Shoals:1)
  2 deep elf zephyrmancers (Elf:2)
  An ugly thing (D:11)
  A wolf spider (Lair:5)
  A cyclops (D:11)
  A manticore (Shoals:4)
  2 fauns
  2 salamanders (Snake:1)
  6 black mambas
  An elephant (Lair:5)
  A naga mage (Snake:1)
  A water nymph (D:10)
  A merfolk siren (Shoals:4)
  A vault sentinel (Vaults:4)
  2 cane toads
  A gargoyle (D:12)
  3 yaktaurs
  2 ice devils (IceCv)
  A troll (D:10)
  5 merfolk
  A wind drake (Shoals:2)
  3 blink frogs
  5 yaks
  3 redbacks (Lair:5)
  4 nagas
  An orc warrior (Orc:2)
  A bullfrog (D:8)
  A howler monkey (D:11)
  A jelly (Lair:5)
  2 orc priests
  An orc wizard (Orc:2)
  A scorpion zombie (Ossuary)
  An adder (Lair:4)
  3 orcs (D:10)
135 creatures vanquished.

Vanquished Creatures (others)
  A golden dragon (Depths:2)
  A deep elf annihilator (Elf:3)
  A dancing weapon (Elf:1)
  A merfolk aquamancer (Shoals:2)
4 creatures vanquished.

Grand Total: 1501 creatures vanquished

Notes
Turn   | Place    | Note
-------+----------+-------------------------------------------
     0 | D:5      | GordonOverkill the Demonspawn Delver began the quest for
                  | the Orb.
     0 | D:5      | Reached XP level 1. HP: 18/18 MP: 1/1
    47 | D:5      | Noticed Ijyb
    52 | D:5      | Noticed an orc wizard
    58 | D:4      | Noticed Blork the orc
   129 | D:4      | Noticed a jelly
   202 | D:4      | Found a burning altar of Makhleb.
   224 | D:4      | Became a worshipper of Makhleb the Destroyer
   309 | D:4      | Found Xumash's General Store.
   474 | D:4      | Gained mutation: Your touch may inflict minor irresistible
                  | damage on your foes. [demonic ancestry]
   474 | D:4      | Reached XP level 2. HP: 24/24 MP: 2/2
   505 | D:4      | Reached XP level 3. HP: 19/29 MP: 3/3
   721 | D:4      | Noticed Edmund
   844 | D:2      | Gained mutation: Your touch may inflict irresistible damage
                  | on your foes. [demonic ancestry]
   844 | D:2      | Reached XP level 4. HP: 27/35 MP: 4/4
  1036 | D:1      | Found a faded altar of an unknown god.
  1048 | D:1      | Got Plato's Vellum of Hurting
  1249 | D:1      | Reached * piety under Makhleb
  2684 | D:3      | Reached XP level 5. HP: 41/41 MP: 5/5
  2942 | D:3      | Reached skill level 5 in Axes
  2942 | D:3      | Reached skill level 1 in Throwing
  3184 | D:3      | Reached ** piety under Makhleb
  3471 | D:3      | Found a stormy altar of Qazlal.
  3905 | D:4      | Reached skill level 1 in Armour
  3916 | D:4      | Killed Edmund
  3917 | D:4      | Gained mutation: You are surrounded by a mild repulsion
                  | field. (EV +2) [demonic ancestry]
  3917 | D:4      | Reached XP level 6. HP: 39/47 MP: 6/6
  4362 | D:4      | Killed Blork the orc
  4430 | D:4      | Reached skill level 4 in Fighting
  4430 | D:4      | Gained mutation: You are surrounded by a moderate repulsion
                  | field. (EV +3) [demonic ancestry]
  4430 | D:4      | Reached XP level 7. HP: 49/54 MP: 7/7
  4570 | D:4      | Bought a potion of berserk rage for 60 gold pieces
  4920 | D:5      | Killed Ijyb
  5188 | D:5      | Found a broken altar of Ashenzari.
  5192 | D:5      | Saw a vision of the Shoals and the Snake Pit.
  5192 | D:5      | Noticed a merfolk
  5192 | D:5      | Noticed a merfolk
  5192 | D:5      | Noticed a naga sharpshooter
  5192 | D:5      | Noticed a black mamba
  5192 | D:5      | Noticed a shock serpent
  5192 | D:5      | Noticed a naga ritualist
  5192 | D:5      | Noticed a black mamba
  5193 | D:5      | Noticed a shock serpent
  5193 | D:5      | Noticed a wind drake
  5194 | D:5      | Noticed a mana viper
  5320 | D:5      | Found a hazy altar of Hepliaklqana.
  5416 | D:5      | Reached skill level 1 in Invocations
  5429 | D:5      | Found a radiant altar of Vehumet.
  5611 | D:6      | Found a staircase to the Ecumenical Temple.
  5718 | D:6      | Reached skill level 1 in Evocations
  6154 | D:6      | Gained mutation: A weak demonic guardian rushes to your
                  | aid. [demonic ancestry]
  6154 | D:6      | Reached XP level 8. HP: 60/60 MP: 10/10
  6327 | D:6      | Found Jucepsoemn's Distillery.
  6331 | D:6      | Bought a potion of berserk rage for 70 gold pieces
  6364 | D:6      | Reached *** piety under Makhleb
  7313 | D:6      | Found Jucepsoemn's Distillery.
  7647 | D:6      | Found a staircase to the Ecumenical Temple.
  7808 | D:7      | Found a shimmering altar of Xom.
  7883 | D:7      | Found a sand-covered staircase.
  7892 | Ossuary  | Entered an ossuary
  8265 | D:7      | Found an opulent altar of Gozag.
  8402 | D:7      | Reached XP level 9. HP: 49/65 MP: 12/12
  8707 | D:7      | Reached skill level 10 in Axes
  9247 | D:8      | Reached **** piety under Makhleb
  9330 | D:8      | Found a bloodstained altar of Trog.
  9357 | D:8      | Reached XP level 10. HP: 71/71 MP: 13/13
  9611 | D:8      | Noticed a two-headed ogre
  9621 | D:8      | Killed a two-headed ogre
  9622 | D:8      | Reached skill level 5 in Fighting
  9717 | D:8      | Found a blossoming altar of Fedhas.
  9971 | D:8      | Reached skill level 6 in Fighting
 10501 | D:9      | Reached skill level 7 in Fighting
 10524 | D:9      | Noticed a two-headed ogre
 10539 | D:9      | Killed a two-headed ogre
 10540 | D:9      | Reached skill level 8 in Fighting
 10540 | D:9      | Reached skill level 5 in Invocations
 11065 | D:9      | Found a staircase to the Lair.
 11489 | D:9      | Gained mutation: A meltable shield of frost defends you.
                  | (SH +0) [demonic ancestry]
 11489 | D:9      | Reached XP level 11. HP: 86/86 MP: 15/15
 11520 | D:9      | Reached ***** piety under Makhleb
 12211 | D:10     | Entered Level 10 of the Dungeon
 12211 | D:10     | Found an ancient bone altar of Kikubaaqudgha.
 12559 | D:10     | Noticed Maggie
 12582 | D:10     | Killed Maggie
 12595 | D:10     | Found a roughly hewn altar of Beogh.
 12595 | D:10     | Found a staircase to the Orcish Mines.
 12865 | D:10     | Noticed Snorg
 12867 | D:10     | Snorg changed into Snorg the water nymph
 12867 | D:10     | Noticed Snorg
 12872 | D:10     | Killed Snorg the water nymph
 13405 | D:10     | Reached skill level 1 in Shields
 13935 | D:11     | Noticed a centaur warrior
 14119 | D:11     | Killed a centaur warrior
 14227 | D:11     | Noticed a skeletal warrior
 14308 | D:11     | Killed a skeletal warrior
 14495 | D:11     | Noticed a two-headed ogre
 14505 | D:11     | Killed a two-headed ogre
 14814 | D:11     | Noticed a white ugly thing
 14831 | D:11     | Killed a white ugly thing
 14832 | D:11     | Gained mutation: A demonic guardian rushes to your aid.
                  | [demonic ancestry]
 14832 | D:11     | Reached XP level 12. HP: 60/92 MP: 18/18
 14833 | D:11     | Noticed a centaur warrior
 15372 | D:11     | Killed a centaur warrior
 15711 | D:4      | Bought a +4 plate armour of fire resistance for 600 gold
                  | pieces
 15833 | Lair:1   | Entered Level 1 of the Lair of Beasts
 16057 | Lair:1   | Found an ornate altar of the Wu Jian Council.
 16057 | Lair:1   | Found a hide-covered altar of Uskayaw.
 16057 | Lair:1   | Noticed a boulder beetle
 16081 | Lair:1   | Killed a boulder beetle
 16082 | Lair:1   | Reached skill level 15 in Axes
 16251 | Lair:1   | Found a bloodstained altar of Trog.
 17175 | Lair:2   | Found a frozen archway.
 17200 | IceCv    | Entered an ice cave
 17610 | IceCv    | Reached skill level 9 in Fighting
 18242 | IceCv    | Noticed a reaper
 18259 | IceCv    | Killed a reaper
 18260 | IceCv    | Reached skill level 10 in Fighting
 18405 | Lair:2   | Gained mutation: Your touch may irresistibly damage your
                  | foes and sap their willpower. [demonic ancestry]
 18405 | Lair:2   | Reached XP level 13. HP: 95/104 MP: 19/19
 18989 | Lair:2   | Reached skill level 11 in Fighting
 19225 | Lair:2   | Found a staircase to the Shoals.
 20213 | Lair:3   | Found a staircase to the Snake Pit.
 20504 | Lair:3   | Reached skill level 12 in Fighting
 20504 | Lair:3   | Reached skill level 5 in Armour
 21361 | Lair:4   | Found the +8 whip "Snakebite" {venom, curare, rPois}
 21589 | Lair:4   | Reached skill level 5 in Dodging
 21667 | Lair:4   | Reached XP level 14. HP: 115/115 MP: 20/20
 23511 | Lair:5   | Entered Level 5 of the Lair of Beasts
 23539 | Lair:5   | Reached skill level 10 in Invocations
 24857 | Lair:5   | Found a staircase to the Slime Pits.
 24858 | Lair:5   | Found a viscous altar of Jiyva.
 26751 | D:13     | Gained mutation: A meltable icy envelope protects you from
                  | harm. (AC +0) [demonic ancestry]
 26751 | D:13     | Reached XP level 15. HP: 60/122 MP: 22/22
 26950 | D:13     | Identified the staff "Uhici" {rElec Dex+4 Air}
 27019 | D:13     | Reached skill level 13 in Fighting
 27310 | D:13     | Identified the +0 quarterstaff of the Hero {venom, rF+ MP+9
                  | Dex+3}
 28040 | D:13     | Found a gate to the Vaults.
 28284 | D:14     | Reached skill level 14 in Fighting
 29207 | D:14     | Reached skill level 15 in Fighting
 29274 | D:14     | Identified a scroll of acquirement
 29274 | D:14     | Acquired the +1 cloak "Guisem" {rC+ Str+3 Int+3}
 29543 | D:15     | Entered Level 15 of the Dungeon
 29722 | D:15     | Found Deazanem's Antique Weapon Boutique.
 30246 | D:15     | Found a staircase to the Depths.
 30491 | D:15     | Noticed Louise
 30552 | D:15     | Killed Louise
 30762 | D:15     | Noticed Azrael
 31171 | D:15     | Killed Azrael
 31517 | D:15     | Noticed Kirke
 31880 | D:15     | Killed Kirke
 32482 | Orc:1    | Entered Level 1 of the Orcish Mines
 32519 | Orc:1    | Found a roughly hewn altar of Beogh.
 32727 | Orc:2    | Entered Level 2 of the Orcish Mines
 32795 | Orc:2    | Found a staircase to the Elven Halls.
 32800 | Orc:2    | Gained mutation: A powerful demonic guardian rushes to your
                  | aid. [demonic ancestry]
 32800 | Orc:2    | Reached XP level 16. HP: 136/136 MP: 23/23
 32960 | Orc:2    | Reached ****** piety under Makhleb
 33071 | Orc:2    | Found Jeatocea's Weapon Shoppe.
 33850 | Orc:2    | Found Erudil's Antique Weapon Emporium.
 33850 | Orc:2    | Found Ytuz's Weapon Boutique.
 33876 | Orc:2    | Found Derisoam's Assorted Antiques.
 33876 | Orc:2    | Found Macripen's Jewellery Emporium.
 33897 | Orc:2    | Bought a faintly glowing plate armour for 728 gold pieces
 33897 | Orc:2    | Identified the +4 plate armour of the Tundras {rElec rF+
                  | Dex-2} (You bought it in a shop on level 2 of the Orcish
                  | Mines)
 34074 | Snake:1  | Entered Level 1 of the Snake Pit
 34123 | Snake:1  | You fall into a shaft and drop 1 floor!
 34353 | Snake:1  | Found a stormy altar of Qazlal.
 34445 | Snake:1  | Found a transporter.
 34553 | Snake:1  | Found a transporter.
 35019 | Snake:1  | Found Akocyh's Assorted Antiques.
 35035 | Snake:1  | Bought a potion of curing for 105 gold pieces
 35035 | Snake:1  | Bought a scroll of blinking for 262 gold pieces
 35035 | Snake:1  | Bought a runed hat for 245 gold pieces
 36002 | Shoals:1 | Entered Level 1 of the Shoals
 36085 | Shoals:1 | Noticed Donald
 36105 | Shoals:1 | Killed Donald
 36626 | Shoals:1 | Noticed Nikola
 36654 | Shoals:1 | Killed Nikola
 37452 | Shoals:2 | Reached skill level 5 in Shields
 38076 | Shoals:2 | Gained mutation: You are robust. (+10% HP) [demonic
                  | ancestry]
 38076 | Shoals:2 | Reached XP level 17. HP: 33/156 MP: 26/26
 38442 | Shoals:2 | Found a shimmering blue altar of Sif Muna.
 38580 | Shoals:2 | Identified the +0 robe of Inquiry {Harm rN+ Will+}
 39114 | Shoals:3 | Acquired the +15 Maxwell's patent armour {-Cast -Tele rElec
                  | Will+ rCorr}
 39114 | Shoals:3 | Found the +15 Maxwell's patent armour {-Cast -Tele rElec
                  | Will+ rCorr}
 39643 | Shoals:3 | Noticed Mara
 39682 | Shoals:3 | HP: 7/156 [Mara/bolt of fire (27)]
 39683 | Shoals:3 | HP: 3/156 [burnt (4)]
 39687 | Shoals:3 | HP: 1/156 [hell beast (illusionary)[Mara] (5)]
 39689 | Shoals:3 | Killed Mara
 40218 | Orc:2    | Bought the ring "Huugryos" {*Slow rPois rF+ rN+} for 586
                  | gold pieces
 40487 | Snake:2  | Noticed Agnes
 40502 | Snake:2  | Killed Agnes
 40562 | Snake:1  | Found a transporter.
 40578 | Snake:1  | Found a transporter.
 40580 | Snake:1  | Found a transporter.
 41049 | Snake:1  | Identified the ring of Ruyr {rN+ Slay+2}
 41361 | Snake:2  | Noticed Jorgrun
 41373 | Snake:2  | Killed Jorgrun
 41499 | Snake:2  | Reached skill level 10 in Shields
 42005 | Snake:2  | Noticed Mlioglotl
 42021 | Snake:2  | Killed Mlioglotl
 42215 | Snake:2  | Found Haosk's Jewellery Boutique.
 42216 | Snake:2  | Found Jeidoup's Book Emporium.
 42217 | Snake:2  | Found Vollioce's Jewellery Boutique.
 43385 | Snake:2  | HP: 7/156 [poisoned by a naga ritualist (toxic radiance)]
 43389 | Snake:2  | HP: 3/156 [poisoned by a naga ritualist (toxic radiance)]
 44672 | Snake:3  | Found a runed translucent door.
 44672 | Snake:3  | Noticed Paylapli's ghost (adept GrEE)
 44730 | Snake:3  | Killed Paylapli's ghost
 45043 | Snake:4  | Entered Level 4 of the Snake Pit
 46054 | Snake:4  | Reached XP level 18. HP: 163/163 MP: 27/27
 47366 | Snake:4  | Got a serpentine rune of Zot
 47854 | Vaults:1 | Entered Level 1 of the Vaults
 48049 | Vaults:1 | Paralysed by a formless jellyfish for 1 turns
 48574 | Vaults:1 | Reached skill level 15 in Shields
 48876 | Vaults:1 | Paralysed by a formless jellyfish for 1 turns
 49307 | D:6      | Bought a potion of curing for 42 gold pieces
 49307 | D:6      | Bought a potion of haste for 140 gold pieces
 49307 | D:6      | Bought a potion of invisibility for 112 gold pieces
 49307 | D:6      | Bought a potion of enlightenment for 70 gold pieces
 50190 | Vaults:2 | Reached skill level 15 in Invocations
 50271 | Vaults:2 | Found a runed translucent door.
 50271 | Vaults:2 | Noticed howech's ghost (veteran MiGl)
 50679 | Vaults:2 | Reached skill level 5 in Evocations
 50924 | Vaults:2 | Noticed Sojobo
 50976 | Vaults:2 | Paralysed by an air elemental for 1 turns
 51266 | Vaults:2 | Killed Sojobo
 51325 | Vaults:2 | Reached skill level 10 in Dodging
 51428 | Vaults:2 | Found Fyewun's Book Boutique.
 51508 | Vaults:2 | Reached XP level 19. HP: 170/170 MP: 30/30
 51800 | Vaults:2 | Killed howech's ghost
 51870 | Vaults:3 | Paralysed by a formless jellyfish for 1 turns
 52006 | Vaults:3 | Found Eloos's Book Shoppe.
 52807 | Vaults:3 | Reached skill level 15 in Dodging
 53495 | Vaults:3 | Found a staircase to the Crypt.
 53512 | Vaults:3 | Got the Exposition on Fulmination
 53780 | Vaults:4 | Reached skill level 16 in Fighting
 54317 | Vaults:4 | Reached skill level 17 in Fighting
 54446 | Vaults:4 | Reached XP level 20. HP: 176/184 MP: 31/31
 54541 | Vaults:4 | Found Ihekh's Magic Scroll Emporium.
 54550 | Vaults:4 | Bought a scroll of enchant weapon for 157 gold pieces
 54550 | Vaults:4 | Bought a scroll of enchant weapon for 157 gold pieces
 54550 | Vaults:4 | Bought a scroll of enchant weapon for 157 gold pieces
 54550 | Vaults:4 | Bought a scroll of fear for 84 gold pieces
 54550 | Vaults:4 | Bought a scroll of teleportation for 63 gold pieces
 54550 | Vaults:4 | Bought a scroll of fog for 84 gold pieces
 55071 | Vaults:4 | Found a runed translucent gate.
 55071 | Vaults:4 | Found a runed translucent gate.
 55071 | Vaults:4 | Found an opulent altar of Gozag.
 55071 | Vaults:4 | Found a runed translucent gate.
 55071 | Vaults:4 | Noticed Silenth's ghost (adept DrFE)
 55073 | Vaults:4 | Found Feixtuq's Assorted Antiques.
 55082 | Vaults:4 | Killed Silenth's ghost
 55133 | Vaults:4 | Reached skill level 18 in Fighting
 55846 | Shoals:4 | Entered Level 4 of the Shoals
 56590 | Shoals:4 | Got a barnacled rune of Zot
 56751 | Shoals:4 | Reached skill level 19 in Fighting
 56869 | Shoals:4 | Identified the +0 helmet of Greater Demons {Dex+2}
 57129 | Elf:1    | Entered Level 1 of the Elven Halls
 57186 | Elf:1    | Found a radiant altar of Vehumet.
 57442 | Elf:1    | Identified the +5 scale mail of the Furrier {+Inv rElec rF-
                  | rC+++}
 58023 | Elf:1    | Identified the +9 war axe "Rumerch" {freeze, *Corrode rN+++
                  | Int-3 SInv}
 58541 | Elf:2    | Reached skill level 20 in Fighting
 58552 | Elf:2    | Found a runed translucent gate.
 58577 | Elf:2    | Found a runed translucent gate.
 58577 | Elf:2    | Found a runed translucent gate.
 59317 | Elf:3    | Entered Level 3 of the Elven Halls
 59394 | Elf:3    | Found Jakomazu's Book Shoppe.
 59394 | Elf:3    | Found Junlouwn's Book Emporium.
 59405 | Elf:3    | Found Joenwy's Antique Armour Shoppe.
 59408 | Elf:3    | Found Ujeheuso's Assorted Antiques.
 59488 | Elf:3    | Gained mutation: A meltable icy envelope protects you from
                  | harm. (AC +0) [demonic ancestry]
 59488 | Elf:3    | Reached XP level 21. HP: 198/201 MP: 32/32
 59622 | Elf:3    | Found a shimmering blue altar of Sif Muna.
 62226 | Elf:3    | Identified the amulet "Ubeakh" {Faith Will+}
 62281 | Elf:3    | Identified the +2 long sword of Annoyance {spect, rN++
                  | Str+3 Dex+3 Stlth+}
 62281 | Elf:3    | Identified the +0 robe of Privacy {rC+ Int+5}
 62281 | Elf:3    | Identified the amulet "Orrollan" {Faith rElec rCorr Str+3}
 62483 | Elf:3    | Identified the +2 helmet of Objectivity {Regen+ Int+2}
 62486 | Elf:3    | Got the Directory of Frosty Kindling
 62503 | Elf:3    | Identified the +5 orcbow of Davuhag {heavy, rF+}
 62912 | Depths:1 | Entered Level 1 of the Depths
 62975 | Depths:1 | Identified the ring "Yclyajob" {rElec rF+ rN+ Int+3}
 63241 | Depths:1 | Found a gateway to Hell.
 63305 | Depths:1 | Found a runed translucent gate.
 63306 | Depths:1 | Found a runed translucent gate.
 63306 | Depths:1 | Noticed Sias's ghost (adept TeSh)
 63308 | Depths:1 | Found a runed translucent gate.
 63394 | Depths:1 | Noticed a caustic shrike
 63397 | Depths:1 | Noticed a caustic shrike
 63403 | Depths:1 | Noticed a caustic shrike
 63408 | Depths:1 | Noticed a juggernaut
 63415 | Depths:1 | Killed a caustic shrike
 63653 | Depths:1 | Reached skill level 21 in Fighting
 63679 | Depths:1 | Killed a juggernaut
 63748 | Depths:1 | Killed a caustic shrike
 64030 | Depths:1 | Killed a caustic shrike
 64031 | Depths:1 | Reached skill level 22 in Fighting
 64246 | Depths:1 | Killed Sias's ghost
 64342 | Depths:2 | Gained mutation: You are very robust. (+20% HP) [demonic
                  | ancestry]
 64342 | Depths:2 | Reached XP level 22. HP: 209/237 MP: 36/36
 64453 | Depths:2 | Reached skill level 23 in Fighting
 64580 | Depths:2 | Found a one-way gate leading to the halls of Pandemonium.
 64592 | Depths:2 | Identified the +8 trident of the Distant Future {chaos,
                  | +Blink rElec}
 64607 | Depths:2 | Found a one-way gate to the infinite horrors of the Abyss.
 64774 | Depths:2 | Noticed a golden dragon
 64780 | Depths:2 | Identified the +1 chain mail of the Neverending Places
                  | {rPois Will+}
 64791 | Depths:2 | Killed a golden dragon
 64799 | Depths:2 | HP: 1/238 [something (15)]
 64799 | Depths:2 | Slain by a black draconian knight

Illustrated notes

Levels and vault maps discovered:
D:1:      minmay_arrival_stair_chambers, layout_basic,
          shapermc_ecumenical_altar_rom_forum, minmay_pentomino_v4
D:2:      layout_basic, nicolae_kite_square_tiling_tiny
D:3:      layout_loops_corners, nicolae_qazlal_eye_of_the_storm,
          kennysheep_generic_room_15
D:4:      layout_layer_cave, amcnicky_altar_gilded, lemuel_crystal_altar,
          serial_undead, serial_undead_d, serial_undead_c, serial_undead_c,
          serial_undead_c, serial_undead_b, serial_shops,
          nicolae_shop_waterfront, kennysheep_small_spiral, uniq_blork_the_orc,
          uniq_edmund
D:5:      layout_cave_pools, grunt_ashenzari_visionary
          [grunt_ashenzari_visionary_shoals, grunt_ashenzari_visionary_snake],
          mainiacjoe_overflow_catch_the_wave, uniq_ijyb
D:6:      layout_loops_cross, temple_green, serial_shops, shop,
          minmay_misc_feat_ornament, minmay_quadrilaterals
D:7:      layout_loops_ring, mainiacjoe_overflow_alcove_2,
          nicolae_gozag_seed_capital, mainiacjoe_ossuary_entry_dusty_tomb
D:8:      cheibrodos_elevator_heist, layout_cave_pools, fedhas_altar_1,
          trog_ov_bears_minmay
D:9:      layout_loops_ring, hellmonk_lair_entry_icy, minivault_22,
          minmay_misc_feat_cross, minmay_puff
D:10:     layout_loops_ring, overflow_temple_1_default, david_orc_5,
          uniq_maggie, uniq_snorg
D:11:     minmay_bloctagon_deflated, layout_basic
D:12:     layout_long_grid
D:13:     minmay_cut_squares, layout_loops_ring, ximxim_vaults_locker_room
D:14:     layout_loops_cross, serial_bayou_lagoon_a
D:15:     grunt_enter_depths_snipers, layout_long_grid, serial_shops, shop,
          serial_rivers, chequers_serial_rivers_room_b,
          chequers_serial_rivers_large_b, chequers_serial_rivers_micro_b,
          chequers_serial_rivers_micro_a, chequers_serial_rivers_micro_a,
          chequers_serial_rivers_large_a, nicolae_twisty_statue_hallways,
          uniq_louise, uniq_azrael, uniq_kirke
Lair:1:   layout_small_grid, basic_altar, nzn_masters_of_martial_movement,
          grunt_megastairs_3
Lair:2:   cheibrodos_lair_river_kwai, layout_cave_shapes,
          minmay_shoals_entry_hut, portal_ice_cave_entry_pillars_2,
          gauntlet_entry_generic
Lair:3:   layout_cave_pods, dummy_snake_entry, st_stairs_12, grunt_megastairs_1,
          lemuel_fruit_tree
Lair:4:   minmay_guarded_unrand_snakebite, layout_regular_city,
          chequers_serial_rivers_marsh
Lair:5:   hangedman_lair_tendril_chambers, layout_small_grid, wormcave,
          minmay_slime_entry_jelly_boxes
Shoals:1: layout_shoals, uniq_donald, uniq_nikola
Shoals:2: layout_shoals, lemuel_centaur_altar
Shoals:3: layout_shoals, uniq_mara
Shoals:4: shoals_end_hellmonk_holy_island
Snake:1:  gammafunk_the_bubble [the_bubble_gammafunk_roulette], layout_gridlike,
          basic_altar, serial_shops, shop, serial_bayou_shore_b,
          nicolae_triple_integral
Snake:2:  layout_grid_shapes, nicolae_snake_coiling_death, serial_bayou_shore_a,
          minmay_shop_grove, serial_bayou_shore_b, uniq_jorgrun, uniq_agnes,
          uniq_mlioglotl
Snake:3:  layout_rooms, gammafunk_ghost_grave, abandoned_shop
Snake:4:  minmay_snake_end_coiled, layout_misc_corridors,
          nicolae_snake_gridmaze_waves
Orc:1:    layout_caves, basic_altar, statue_in_the_mist_lemuel, mines1_david
Orc:2:    grunt_orc_tribal_feast, layout_caves, serial_shops, shop,
          mines4_lemuel
Elf:1:    eino_elf_arrival_altar, layout_onion_city, nicolae_elf_crossing_hall
Elf:2:    nicolae_elf_blades_crystal_corner, layout_geoelf_grid
Elf:3:    minmay_elf_hall_four_x, layout_gridlike,
          hellmonk_sif_muna_bookshelves, minmay_shoptagon
Vaults:1: nicolae_vaults_hallways_thing, vaults_mumra_hex, vaults_room_fours,
          v_misc_8, nicolae_vaults_closet_pinwheel_5, hangedman_vaults_trim,
          ontoclasm_vaults_shuriken, layout_vaults_omnigrid
Vaults:2: hellmonk_ghost_big_iron, v_rooms_3, hangedman_vaults_capsules,
          ontoclasm_vaults_spin, nicolae_vaults_closet_pinwheel_1, v_rooms_1,
          nicolae_vaults_asterisk, ontoclasm_vaults_eye,
          nicolae_vaults_apartment_2, nicolae_vaults_tetromino_L_2,
          ontoclasm_vaults_fault, layout_vaults_big_room, serial_shops, shop,
          uniq_sojobo
Vaults:3: nicolae_vaults_big_ls, ontoclasm_vaults_idyll, ontoclasm_vaults_twist,
          nicolae_vaults_offset_grid_hallway_1,
          nicolae_vaults_closet_pinwheel_1, hangedman_vaults_stretched_pinwheel,
          hangedman_vaults_cutoff, nicolae_vaults_theta,
          minmay_crypt_entry_simple_box, v_misc_11, hangedman_vaults_cutoff,
          nicolae_vaults_storage_room_glass, layout_vaults_omnicross,
          serial_shops, shop
Vaults:4: ebering_ghost_gozag, nicolae_vaults_border_crossing,
          nicolae_vaults_more_shelving_1, nicolae_vaults_ninety_degrees,
          nicolae_vaults_frosty_reception, v_misc_11, vaults_room_hallway,
          grunt_vaults_focal, layout_vaults_ring, serial_shops,
          nicolae_shop_temple_entry_statues_fountains
Depths:1: layout_gridville, kennysheep_doodads, hellmouth_3,
          hellmonk_ghost_time_enough, minmay_checkered_concentric_circles
Depths:2: hangedman_pleasuredromes, hell_entry, abyss_entry, pan_entry

Skill      XL: |  1  2  3  4  5  6  7  8  9 10 11 12 13 14 15 16 17 18 19 20 21 22 |
---------------+-------------------------------------------------------------------+-----
Axes           | 2 3 4 5 6 9 11 12 14 16 18 20 | 20.0
Throwing       | 1 |  1.0
Armour         | 2 3 4 8 |  8.0
Fighting       | 4 8 10 12 15 17 20 22 23 | 23.8
Invocations    | 3 4 6 8 10 13 15 20 | 20.0
Evocations     | 3 5 8 |  8.0
Shields        | 4 6 12 15 | 15.0
Dodging        | 5 6 8 10 15 | 15.0
Stealth        | |  4.5

Action                     |  1- 3 |  4- 6 |  7- 9 | 10-12 | 13-15 | 16-18 | 19-21 | 22-24 || total
---------------------------+-------+-------+-------+-------+-------+-------+-------+-------++-------
  Melee: Hand axe          |    62 |   212 |   254 |       |       |       |       |       ||   528
         Touch             |     6 |    40 |    64 |    54 |   263 |    62 |       |       ||   489
         War axe           |       |       |    81 |   775 |   676 |       |       |       ||  1532
         Broad axe         |       |       |       |       |   539 |  1717 |  1720 |   122 ||  4098
         Whip              |       |       |       |       |    10 |       |       |       ||    10
         Unarmed           |       |       |       |       |     2 |       |       |       ||     2
  Throw: Throwing net      |       |     1 |       |       |       |       |       |       ||     1
         Dart              |       |       |    30 |    13 |       |     5 |    10 |       ||    58
 Invoke: Lesser Servant of |       |       |       |    21 |    24 |    15 |    16 |       ||    76
         Minor Destruction |       |       |       |    11 |     2 |       |       |       ||    13
         Major Destruction |       |       |       |       |       |     2 |       |       ||     2
         Greater Servant o |       |       |       |       |       |     3 |    22 |     1 ||    26
  Evoke: Wand              |       |     5 |    19 |    12 |    12 |     9 |       |       ||    57
         Box of beasts     |       |       |       |       |       |     2 |     1 |       ||     3
    Use: Scroll            |     1 |     7 |    11 |     8 |    13 |    10 |    12 |       ||    62
         Potion            |       |     2 |     1 |     3 |    13 |    19 |     3 |       ||    41
   Stab: Sleeping          |       |    12 |       |       |       |       |       |       ||    12
         Invisible         |       |       |     5 |       |     1 |     1 |       |       ||     7
         Distracted        |       |       |       |     2 |     9 |    10 |    12 |       ||    33
 Armour: Leather armour    |    43 |    53 |       |       |       |       |       |       ||    96
         Chain mail        |       |    47 |   205 |       |     5 |    41 |       |       ||   298
         Plate armour      |       |       |    27 |   645 |  1209 |  1312 |   939 |   151 ||  4283
         Skin              |       |       |       |       |     8 |       |       |       ||     8
  Dodge: Dodged            |    47 |    98 |   117 |   236 |   521 |   485 |   349 |    67 ||  1920
  Block: Buckler           |       |       |       |   201 |    10 |       |       |       ||   211
         Other             |       |       |       |     8 |   144 |    47 |       |       ||   199
         Tower shield      |       |       |       |       |       |  1510 |  1529 |   123 ||  3162

Table legend: (Time is in decaauts)
 A = Elapsed time spent in this place.
 B = Non-inter-level travel time spent in this place.
 C = Inter-level travel time spent in this place.
 D = Time resting spent in this place.
 E = Time spent auto-exploring this place.
 F = Levels seen in this place.
 G = Mean time per level.
                   A        B        C        D        E       F      G
               +--------+--------+--------+--------+--------+-----+--------+
         Total |  64149 |  59190 |   4959 |  19077 |  26799 |  41 | 1564.6 |
       Dungeon |  23495 |  21031 |   2464 |   6522 |  10323 |  15 | 1566.3 |
          Lair |   9048 |   8426 |    622 |   2004 |   4941 |   5 | 1809.6 |
        Shoals |   5756 |   5460 |    296 |   2379 |   1795 |   4 | 1439.0 |
     Snake Pit |   8434 |   8054 |    380 |   3746 |   2584 |   4 | 2108.5 |
  Orcish Mines |   1811 |   1362 |    449 |    340 |    751 |   2 |  905.5 |
   Elven Halls |   5541 |   5141 |    400 |   1437 |   2415 |   3 | 1847.0 |
        Vaults |   6834 |   6522 |    312 |   1515 |   3199 |   4 | 1708.5 |
        Depths |   1811 |   1778 |     33 |    399 |    737 |   2 |  905.5 |
       Ossuary |    320 |    320 |      0 |     85 |     12 |   1 |  320.0 |
      Ice Cave |   1095 |   1095 |      0 |    646 |     41 |   1 | 1095.0 |
               +--------+--------+--------+--------+--------+-----+--------+

Top non-repeatable levels by time:
 Snake:2: 3077 daAuts
  Lair:4: 2784 daAuts
    D:15: 2510 daAuts
    D:10: 2473 daAuts
   Elf:3: 2387 daAuts
 Snake:3: 2216 daAuts
Shoals:2: 2155 daAuts
     D:6: 2089 daAuts
  Lair:3: 2086 daAuts
   Elf:2: 2049 daAuts
Vaults:2: 1985 daAuts
     D:4: 1924 daAuts
     D:9: 1876 daAuts
    D:14: 1836 daAuts
Vaults:1: 1782 daAuts
